 Dungeon Crawl Stone Soup version 0.23.0-33-g5e6c059fef (webtiles) character file.

Game seed: 1319524704394668034

12465 Peloso the Carver (level 11, -4/97 HPs)
             Began as a Minotaur Fighter on Feb 26, 2019.
             Was a Priest of Okawaru.
             Slain by an orc warrior
             ... wielding a +1 hand axe of freezing
              (5 damage)
             ... on level 14 of the Dungeon.
             The game lasted 00:26:25 (10550 turns).

Peloso the Carver (Minotaur Fighter)               Turns: 10550, Time: 00:26:25

Health: -4/97      AC: 21    Str: 25    XL:     11   Next: 62%
Magic:  11/11      EV:  8    Int:  7    God:    Okawaru [***...]
Gold:   418        SH: 13    Dex: 12    Spells: 10/10 levels left

rFire    x x .     SeeInvis .   a - +1 long sword
rCold    + + .     Gourm    .   c - +0 shield
rNeg     . . .     Faith    .   h - +0 plate armour
rPois    .         Spirit   .   (helmet restricted)
rElec    .         Reflect  .   C - +0 cloak
rCorr    .         Harm     .   D - +2 pair of gloves {Str+3}
MR       +....                  d - +0 pair of boots
Stlth    ..........             (no amulet)
HPRegen  0.26/turn              P - ring "Soatot" {rF- rC+ MR+ Int+2}
MPRegen  0.12/turn              B - ring of ice

@: no status effects
A: retaliatory headbutt, horns 2
a: Heroism, Renounce Religion


You were on level 14 of the Dungeon.
You worshipped Okawaru.
Okawaru was most pleased with you.
You were not hungry.

You visited 2 branches of the dungeon, and saw 14 of its levels.

You collected 640 gold pieces.
You spent 222 gold pieces at shops.

Inventory:

Hand Weapons
 a - a +1 long sword (weapon)
 z - the +3 rapier of Ofaocver {pierce, rF+ Dex+3}
   (You found it on level 7 of the Dungeon)

   It inflicts extra damage upon your enemies.
   It affects your dexterity (+3).
   It protects you from fire.
 E - the +5 trident of Luschal {speed, rPois}
   (You found it on level 7 of the Dungeon)

   Attacks with this weapon are significantly faster.
   It protects you from poison.
Armour
 b - a +0 scale mail
 c - a +0 shield (worn)
 d - a +0 pair of boots (worn)
 h - a +0 plate armour (worn)
 o - a +0 chain mail
 C - a +0 cloak (worn)
 D - a +2 pair of gloves of strength (worn)
Jewellery
 e - an uncursed ring of fire
 m - an uncursed ring of stealth
 s - an uncursed ring of protection from magic
 B - a ring of ice (right hand)
 P - the ring "Soatot" (left hand) {rF- rC+ MR+ Int+2}
   (You found it on level 11 of the Dungeon)

   [ring of protection from cold]

   It affects your intelligence (+2).
   It makes you vulnerable to fire.
   It protects you from cold.
   It affects your resistance to hostile enchantments.
Wands
 w - a wand of flame (33)
 y - a wand of scattershot (5)
 F - a wand of paralysis (11)
 K - a wand of clouds (4)
 M - a wand of iceblast (3)
 N - a wand of polymorph (10)
 Q - a wand of acid (10)
Scrolls
 g - a scroll of random uselessness
 i - 2 scrolls of amnesia
 l - 3 scrolls of noise {unknown}
 q - 7 scrolls of enchant weapon
 r - 4 scrolls of teleportation
 u - a scroll of enchant armour {unknown}
 x - 2 scrolls of immolation {unknown}
 H - 2 scrolls of blinking {unknown}
 I - 3 scrolls of remove curse
Potions
 k - a potion of haste
 n - 2 potions of curing
 p - 5 potions of brilliance
 t - 3 potions of agility
 v - a potion of ambrosia
 A - 4 potions of invisibility
 G - a potion of resistance
 O - a potion of cancellation
Comestibles
 f - 19 rations


   Skills:
 + Level 9.1 Fighting
 + Level 13.6 Long Blades
 + Level 10.2 Armour
 + Level 3.0 Dodging
 + Level 1.3 Stealth
 + Level 11.4 Shields
 + Level 0.3 Invocations
 + Level 2.0 Evocations


You had 10 spell levels left.
You didn't know any spells.
Your spell library contained the following spells:

 Spells                   Type           Power        Failure   Level  Hunger
 Sandblast                Erth           #.....       100%        1    ##.....
 Sting                    Conj/Pois      #...         100%        1    ##.....
 Passwall                 Tmut/Erth      #.......     100%        2    ###....
 Poisonous Vapours        Pois/Air       #.....       100%        2    ###....
 Mephitic Cloud           Conj/Pois/Air  #.......     100%        3    ####...
 Stone Arrow              Conj/Erth      #.....       100%        3    ####...
 Olgreb's Toxic Radiance  Pois           #.......     100%        4    #####..
 Petrify                  Tmut/Erth      #.......     100%        4    #####..
 Lee's Rapid Deconstruct  Erth           #.........   100%        5    ######.
 Venom Bolt               Conj/Pois      #.........   100%        5    ######.


Dungeon Overview and Level Annotations

Branches:
Dungeon (12/15)            Temple (1/1) D:4            Lair (0/6) D:10
    Orc: D:9-12

Altars:
Ashenzari
Cheibriados
Dithmenos
Elyvilon
Fedhas
Gozag
Hepliaklqana
Kikubaaqudgha
Makhleb
Nemelex Xobeh
Okawaru
Qazlal
Ru
Sif Muna
Trog
Uskayaw
Vehumet
Wu Jian
Xom
Yredelemnul
Zin
The Shining One

Shops:
D:7 (   D:8 %   D:11 *:*%


Innate Abilities, Weirdness & Mutations

You reflexively headbutt those who attack you in melee.
You have a pair of horns on your head.


Message History

You hit something. Your headbutt misses something.
You hear a shout!
Something shouts, "Get thee gone, thou obnoxious rude-growing wagtail!"
The vampire mosquito bites you but does no damage.
You block the orc warrior's attack. You block the troll's attack. x2
The troll claws you but does no damage. The white imp gestures at you.
You block the puff of frost. The vampire mosquito barely misses you.
You furiously retaliate!
You headbutt the vampire mosquito.
The shadow strikes at you from the darkness!
* * * LOW HITPOINT WARNING * * *
Reactivating autopickup.
The orc closely misses you. You furiously retaliate!
You headbutt the orc, but do no damage. You hit the shadow.
Your headbutt misses the shadow.
The shadow is heavily damaged.
You block the vampire mosquito's attack.
You block the death knight's attack.
The orc warrior hits you with a +1 hand axe of freezing.
You die...

****,,,,,*##.,*,,..#*#...........
,,,+,,,,,,,...***#.# #.##.#..##..
****,,,,,*###.####.###.##..#.##.#
*,,,,,,,..(..$.................
*,*****#####..........#.....###
***,*,,,,.......J......#.........
,,,,*,,,,.....o5T............####
*****,,**#.###5T5pZ.##.##.####
*,,,*,,*,.....5o@y..##.##.#
*,,,,,,*,.....5Wo.?...?...#
***,**,+,.....5#######.####***
***,****,...R.5,,* #...,,,,****
,,,,*****###...,,****####**,,,,,,
****,,,,,,....∩,,,,,,**,,,,,,,,,,
* *,****###.,,,,,,,,**,**,,,,,,,
* *,*,,,,,..,,,,,,,,**,,,,,,,,,,
* **+*,*******,*,,,,,**,,,,*,****


You could see a death knight, a rakshasa, 2 trolls, an orc warrior, a vampire
mosquito, a shadow, a jelly, 7 white imps, 2 orcs and a centaur warrior zombie.

Vanquished Creatures
  Harold (D:8)
  A centaur warrior (D:10)
  2 two-headed ogres
  An unseen horror (D:12)
  A deep elf mage (D:10)
  An ugly thing (D:11)
  A kobold demonologist (D:12)
  2 centaur skeletons
  The ghost of LLavrengius the Changer, an amateur OpTm (D:4)
  Sigmund (D:6)
  A spriggan (D:8)
  A wyvern (D:11)
  5 yaks (D:9)
  A steam dragon (D:11)
  3 hungry ghosts
  A vampire mosquito (D:14)
  2 water moccasins
  Duvessa (D:7)
  5 orc warriors
  An ice beast (D:8)
  5 ogres
  2 phantoms
  2 sky beasts
  A black bear (D:8)
  2 necrophages
  A centaur (D:10)
  A crocodile (D:11)
  Blork the orc (D:5)
  6 bullfrogs
  Dowan (D:7)
  4 scorpions
  5 killer bees (D:7)
  A water moccasin skeleton (D:9)
  13 wights
  A howler monkey (D:9)
  11 crimson imps
  3 bullfrog zombies
  2 jellies
  10 hounds
  13 orc wizards
  2 bullfrog skeletons
  Crazy Yiuf (D:6)
  3 orc priests
  3 iguanas
  Natasha (thrice) (D:3)
  6 worker ants
  3 hound zombies
  A howler monkey zombie (D:8)
  A worker ant zombie (D:11)
  A howler monkey skeleton (D:8)
  5 gnolls
  10 adders
  An ooze (D:2)
  2 adder zombies
  2 worms
  4 adder skeletons
  2 leopard geckos
  25 orcs
  5 giant cockroaches
  8 goblins
  4 hobgoblins
  2 jackals (D:6)
  5 quokkas
  3 ball pythons
  3 bats (D:2)
  6 frilled lizards
  8 kobolds
  8 rats
245 creatures vanquished.

Vanquished Creatures (others)
  A sky beast (D:7)
1 creature vanquished.

Grand Total: 246 creatures vanquished

Notes
Turn   | Place    | Note
-------+----------+-------------------------------------------
     0 | D:1      | Peloso the Minotaur Fighter began the quest for the Orb.
     0 | D:1      | Reached XP level 1. HP: 19/19 MP: 0/0
   201 | D:1      | Reached XP level 2. HP: 22/27 MP: 1/1
  1056 | D:2      | Reached XP level 3. HP: 25/33 MP: 2/2
  1173 | D:2      | Reached skill level 3 in Long Blades
  1842 | D:3      | Noticed Natasha
  1848 | D:3      | Killed Natasha
  1848 | D:3      | Reached XP level 4. HP: 37/40 MP: 3/3
  1912 | D:3      | Reached skill level 5 in Armour
  2137 | D:3      | Reached XP level 5. HP: 46/46 MP: 4/4
  2149 | D:3      | Reached skill level 4 in Long Blades
  2230 | D:3      | Noticed Natasha
  2235 | D:3      | Killed Natasha
  2367 | D:3      | Noticed Natasha
  2388 | D:3      | Killed Natasha
  2479 | D:3      | Found a hazy altar of Hepliaklqana.
  2689 | D:4      | Reached skill level 5 in Long Blades
  2748 | D:4      | Found a shadowy altar of Dithmenos.
  2834 | D:4      | Reached XP level 6. HP: 51/52 MP: 5/5
  2879 | D:4      | Found a blossoming altar of Fedhas.
  2974 | D:4      | Found a staircase to the Ecumenical Temple.
  3007 | D:4      | Found a large runed translucent door.
  3008 | D:4      | Found a large runed translucent door.
  3011 | D:4      | Noticed LLavrengius's ghost (amateur OpTm)
  3280 | Temple   | Entered the Ecumenical Temple
  3416 | D:5      | Entered Level 5 of the Dungeon
  3453 | D:5      | Reached skill level 1 in Dodging
  3523 | D:5      | Reached skill level 6 in Long Blades
  3689 | D:5      | Reached skill level 5 in Shields
  3753 | D:5      | Reached XP level 7. HP: 47/59 MP: 6/6
  3940 | D:5      | Noticed Blork the orc
  3951 | D:5      | Killed Blork the orc
  4099 | D:6      | Reached skill level 7 in Long Blades
  4182 | D:6      | Reached skill level 5 in Fighting
  4199 | D:6      | Noticed Sigmund
  4226 | D:6      | Killed Sigmund
  4226 | D:6      | Reached skill level 8 in Long Blades
  4226 | D:6      | Reached XP level 8. HP: 52/68 MP: 7/7
  4535 | D:6      | Found a hide-covered altar of Uskayaw.
  4601 | D:6      | Found a runed translucent door.
  4602 | D:6      | Noticed Crazy Yiuf
  4734 | D:6      | Reached skill level 9 in Long Blades
  4741 | D:6      | Found a stormy altar of Qazlal.
  5015 | D:6      | Killed Crazy Yiuf
  5128 | D:7      | Reached XP level 9. HP: 68/75 MP: 8/8
  5135 | D:7      | Found a shattered altar of Ashenzari.
  5189 | D:7      | Noticed Dowan
  5192 | D:7      | Noticed Duvessa
  5208 | D:7      | Killed Duvessa
  5210 | D:7      | Reached skill level 10 in Long Blades
  5239 | D:7      | Killed Dowan
  5834 | D:7      | Got a sapphire trident
  5835 | D:7      | Identified the +5 trident of Luschal {speed, rPois} (You
                  | found it on level 7 of the Dungeon)
  5892 | D:7      | Reached skill level 11 in Long Blades
  6240 | D:7      | Found Epleitob's Antique Weapon Shoppe.
  6274 | D:7      | Got a fine rapier
  6275 | D:7      | Identified the +3 rapier of Ofaocver {pierce, rF+ Dex+3}
                  | (You found it on level 7 of the Dungeon)
  6337 | D:7      | Found a glowing silver altar of Zin.
  6418 | D:8      | Noticed Harold
  6430 | D:8      | Killed Harold
  6430 | D:8      | Reached skill level 1 in Evocations
  6430 | D:8      | Reached XP level 10. HP: 52/84 MP: 8/10
  6654 | D:8      | Reached skill level 1 in Stealth
  6797 | D:8      | Found Nil Qero's Food Emporium.
  6966 | D:8      | Found a sacrificial altar of Ru.
  7380 | D:8      | Found a shimmering altar of Xom.
  7579 | D:9      | Noticed a two-headed ogre
  7584 | D:9      | Killed a two-headed ogre
  7584 | D:9      | Reached skill level 12 in Long Blades
  7584 | D:9      | Reached skill level 10 in Shields
  7831 | D:9      | Found an iron altar of Okawaru.
  7852 | D:9      | Became a worshipper of Warmaster Okawaru
  8041 | D:10     | Entered Level 10 of the Dungeon
  8377 | D:10     | Found a staircase to the Lair.
  8445 | D:10     | Noticed a centaur warrior
  8461 | D:10     | Killed a centaur warrior
  8461 | D:10     | Reached * piety under Okawaru
  8461 | D:10     | Reached XP level 11. HP: 74/94 MP: 11/11
  8802 | D:10     | Noticed a deep elf mage
  8815 | D:10     | Killed a deep elf mage
  8815 | D:10     | Reached skill level 13 in Long Blades
  8889 | D:10     | Noticed a two-headed ogre
  8910 | D:10     | Killed a two-headed ogre
  8910 | D:10     | Reached ** piety under Okawaru
  8974 | D:11     | Found Koxtitoc's Book Emporium.
  8974 | D:11     | Found Baacizu's General Store.
  8984 | D:11     | Bought 2 scrolls of remove curse for 90 gold pieces
  9046 | D:11     | Noticed a purple ugly thing
  9065 | D:11     | Killed a purple ugly thing
  9186 | D:11     | Got a wavering bronze ring
  9406 | D:11     | Found Poerof's Assorted Antiques.
  9421 | D:11     | Bought 3 scrolls of identify for 132 gold pieces
  9433 | D:11     | Identified the ring "Soatot" {rF- rC+ MR+ Int+2} (You found
                  | it on level 11 of the Dungeon)
  9443 | D:11     | Found Qain's Food Boutique.
  9893 | D:4      | Killed LLavrengius's ghost
  9893 | D:4      | Reached *** piety under Okawaru
 10201 | D:12     | Killed an unseen horror
 10201 | D:12     | Reached skill level 10 in Armour
 10490 | D:12     | You fall through a shaft for 2 floors!
 10490 | D:14     | Noticed a death knight
 10524 | D:14     | Noticed a rakshasa
 10537 | D:14     | Noticed a deep elf mage
 10549 | D:14     | HP: 1/97 [something (15)]
 10550 | D:14     | Slain by an orc warrior

Skill      XL: |  1  2  3  4  5  6  7  8  9 10 11 |
---------------+----------------------------------+-----
Shields        | 4 5 6 7 9 10 11 | 11.4
Armour         | 4 5 6 7 8 9 10 | 10.2
Long Blades    | 3 5 6 8 9 11 12 13 | 13.6
Fighting       | 4 5 6 8 9 |  9.1
Dodging        | 1 2 3 |  3.0
Evocations     | 1 2 |  2.0
Stealth        | 1 |  1.3
Invocations    | |  0.3

Action                   |  1- 3 |  4- 6 |  7- 9 | 10-12 || total
-------------------------+-------+-------+-------+-------++-------
Melee: Long sword        |    98 |   150 |   340 |   509 ||  1097
       Headbutt          |    12 |    25 |    69 |   137 ||   243
Invok: Heroism           |       |       |       |     4 ||     4
Evoke: Wand              |       |       |    17 |       ||    17
  Use: Scroll            |       |       |     8 |    10 ||    18
       Potion            |       |       |       |     2 ||     2
  Eat: Chunk             |     2 |     7 |     9 |    14 ||    32
       Ration            |       |       |       |     1 ||     1
Armor: Scale mail        |     7 |       |       |       ||     7
       Chain mail        |    44 |    73 |    54 |       ||   171
       Plate armour      |       |       |    81 |   311 ||   392
Dodge: Dodged            |    30 |    47 |    70 |   124 ||   271
Block: Shield            |    59 |    74 |   187 |   320 ||   640
       Rpst.: Long sword |     3 |    14 |    22 |    30 ||    69
